 Dungeon Crawl Stone Soup version 0.21-a0-278-ga722497 (webtiles) character file.

86 4thArraOfDagon the Slasher (level 4, -5/35 HPs)
             Began as a Mummy Chaos Knight on Sept 21, 2017.
             Slain by Terence
             ... wielding a +0 trident
              (6 damage)
             ... on level 2 of the Dungeon.
             The game lasted 00:03:07 (866 turns).

4thArraOfDagon the Slasher (Mummy Chaos Knight)      Turns: 866, Time: 00:03:08

Health: -5/35      AC:  5    Str: 15    XL:     4   Next: 26%
Magic:  4/4        EV: 11    Int: 12    God:    Xom [*.....]
Gold:   121        SH:  0    Dex: 11    Spells: 3/3 levels left

rFire    x . .     SeeInvis .   a - +0 falchion (chaos)
rCold    + . .     Gourm    .   (no shield)
rNeg     + + +     Faith    +   g - +0 ring mail
rPois    ∞         Spirit   .   (no helmet)
rElec    .         Reflect  .   (no cloak)
rCorr    .         Harm     .   (no gloves)
MR       .....                  (no boots)
Stlth    +.........             d - amulet of faith
HPRegen  0.11/turn              (no ring)
MPRegen  0.09/turn              (no ring)

@: no status effects
A: no food or potions, fire vulnerability, cold resistance 1, negative energy
resistance 3, torment resistance, unbreathing
a: Renounce Religion


You were on level 2 of the Dungeon.
You worshipped Xom.
You were a special plaything of Xom.
You were not hungry.

You visited 1 branch of the dungeon, and saw 2 of its levels.

You collected 121 gold pieces.

Inventory:

Hand Weapons
 a - a +0 falchion of chaos (weapon)
Armour
 b - a +2 leather armour
 g - a +0 ring mail (worn)
Jewellery
 d - an amulet of faith (around neck)
Scrolls
 c - a scroll of identify
 e - a scroll of amnesia {unknown}
 h - a scroll of magic mapping


   Skills:
 - Level 3.0 Fighting
 * Level 3.5 Long Blades
 + Level 2.1 Armour
 + Level 1.7 Dodging


You had 3 spell levels left.
You didn't know any spells.

Dungeon Overview and Level Annotations

Branches:
Dungeon (2/15)

Altars:

Annotations:
D:2 Terence


Innate Abilities, Weirdness & Mutations

You do not eat or drink.
Your flesh is vulnerable to fire.
You are immune to poison.
Your flesh is cold resistant. (rC+)
You are immune to negative energy. (rN+++)
You are immune to unholy pain and torment.
You can survive without breathing.


Message History

Terence is lightly wounded.
Xom makes a sudden noise!
You hear a hideous shriek!
Terence hits you with a trident!
Terence hits you from afar with a trident. x2
* * * LOW HITPOINT WARNING * * *
Unknown command.
Unknown command.
As you read the scroll labeled ATEDARGHOQO, it crumbles to dust.
It is a scroll of identify.
h - a scroll of magic mapping Terence hits you from afar with a trident.
* * * LOW HITPOINT WARNING * * *
Terence hits you from afar with a trident.
* * * LOW HITPOINT WARNING * * *
Unknown command.
As you read the scroll labeled COH DYAKAM, it crumbles to dust.
You feel blessed for a moment.
It was a scroll of remove curse.
Terence hits you from afar with a trident.
You die...
Xom guffaws!

......'..#
#.#
......####
#.# ##### #.#
#.# #.# #.#
#@# #.# #@#
#########.###
#...........#
#.###########
#.# #.#
#######.#
#.....#.#
#.###.#.#


You could see Terence.

Vanquished Creatures
  4 adders (D:2)
  2 leopard geckos
  8 bats
  4 giant cockroaches
  8 goblins
  5 hobgoblins
  3 frilled lizards
  9 kobolds
  4 rats
47 creatures vanquished.

Notes
Turn   | Place    | Note
-------+----------+-------------------------------------------
     0 | D:1      | 4thArraOfDagon the Mummy Chaos Knight began the quest for the Orb.
     0 | D:1      | Reached XP level 1. HP: 18/18 MP: 1/1
    85 | D:1      | Reached skill level 1 in Dodging
   149 | D:1      | Reached XP level 2. HP: 24/24 MP: 2/2
   180 | D:2      | XOM: smoke on damage
   194 | D:2      | Reached XP level 3. HP: 18/29 MP: 3/3
   374 | D:2      | XOM: harmless Hex miscast
   405 | D:2      | XOM: harmless Conj miscast
   417 | D:2      | XOM: enchant monster (bad)
   495 | D:2      | XOM: 4-stop teleportation journey
   501 | D:2      | Reached XP level 4. HP: 24/35 MP: 4/4
   504 | D:2      | XOM: summons 1 hostile demon
   708 | D:1      | XOM: harmless Conj miscast
   843 | D:2      | Noticed Terence
   862 | D:2      | XOM: noise
   865 | D:2      | HP: 1/35 [Terence/trident (5)]
   866 | D:2      | Slain by Terence

Vault maps used:
D:1:      co_arrival_random_square_maze, hangedman_decor_push, minmay_cupped
D:2:      uniq_terence

Skill      XL: |  1  2  3 |
---------------+----------+-----
Dodging        | 1 |  1.7
Long Blades    | 3 |  3.5
Armour         | 2 |  2.1
Fighting       | |  3.0

Action                   |  1- 3 |  4- 6 || total
-------------------------+-------+-------++-------
Melee: Falchion          |    90 |    45 ||   135
  Use: Scroll            |       |     2 ||     2
Armor: Leather armour    |    52 |     2 ||    54
       Ring mail         |       |    17 ||    17
Dodge: Dodged            |    59 |    36 ||    95
       Rpst.: Falchion   |    17 |    14 ||    31

Table legend:
 A = Spawn XP
 B = Non-spawn XP
 C = Spawn XP percentage of total XP
 D = Spawn monster count
 E = Non-spawn monster count
 F = Spawn count percentage of total count
 G = Total turns spent on level
                    A         B        C        D         E        F      G
               +---------+---------+-------+---------+---------+-------+---------
         Total |       0 |     123 |   0.0 |       0 |      47 |   0.0 |   866
               +---------+---------+-------+---------+---------+-------+---------
           D:1 |       0 |      38 |   0.0 |       0 |      23 |   0.0 |   413
           D:2 |       0 |      85 |   0.0 |       0 |      24 |   0.0 |   453
               +---------+---------+-------+---------+---------+-------+---------
